AoeStats
← Xerxes is Gio

Coastal Forest

510650658Analyzed
2v2 RM · 1d ago on Oct 2, 2026· 39m 27s· 4 players
Game mode
Random Map
Map size
Medium (4 player)
Population
200
Speed
Normal
Resources
Standard
Victory
Conquest
Starting age
Dark Age
Ending age
Imperial Age
RankedLock teamsTeams togetherTeam positionsShared explorationLock speedFull tech treeHidden civsTurbo modeCheats
Victory
Defeat
🇦🇷 Dravidians · Argentina
978
+16
🇨🇦 Ethiopians · Canada
935
+17
🇵🇾 Maya · Paraguay
1016
-19
🇵🇾 Bulgarians · Paraguay
916
-14
Hyuga_Torres
8:30 Loom
10:24 Feudal Age
18:09 Castle Age
17:08 Double-Bit Axe
17:07 Horse Collar
19:47 Gold Mining
22:02 Crossbowman
24:55 Thumb Ring
26:16 Bow Saw
26:23 Heavy Plow
30:39 Hul'che Javelineers
37:42 Imperial Age
36:44 Elite Skirmisher
37:55 Fletching
38:08 Padded Archer Armor
37:53 Eagle Warrior
39:39 Squires
Xerxes is Gio
5:17 Loom
11:04 Feudal Age
12:01 Town Watch
17:10 Bloodlines
27:34 Castle Age
29:25 Husbandry
28:47 Light Cavalry
30:50 Scale Barding Armor
31:33 Double-Bit Axe
32:25 Forging
32:35 Stone Mining
32:55 Horse Collar
34:03 Chain Barding Armor
37:03 Iron Casting
36:32 Stirrups
36:39 Gold Mining
38:13 Wheelbarrow
39:38 Bow Saw
Julianm93
1:50 Loom
10:22 Feudal Age
10:52 Double-Bit Axe
10:50 Horse Collar
13:28 Wheelbarrow
20:03 Castle Age
27:46 Fletching
28:06 Forging
29:11 Hand Cart
29:27 Stone Mining
34:16 Imperial Age
32:40 Husbandry
33:43 Ballistics
33:18 Murder Holes
33:22 Bodkin Arrow
34:29 Medical Corps
35:14 Bow Saw
35:26 Conscription
38:53 Town Watch
39:35 Gold Mining
39:24 Light Cavalry
Nutteralex
6:45 Loom
9:48 Feudal Age
11:20 Double-Bit Axe
18:45 Wheelbarrow
18:27 Fletching
24:46 Castle Age
23:37 Padded Archer Armor
24:48 Horse Collar
26:08 Bow Saw
25:32 Crossbowman
26:09 Bodkin Arrow
26:30 Leather Archer Armor
29:00 Thumb Ring
29:35 Hand Cart
33:44 Scale Barding Armor
33:57 Scale Mail Armor
34:20 Heavy Plow
40:15 Imperial Age
38:35 Ballistics
38:37 Masonry
39:33 Gold Mining
Connection lost

Rejoining the realm…

Still unreachable

The connection could not be restored.

Session expired

The server has moved on; the page needs a fresh start.